AoeStats
← PAYLOTO

Black Forest

509388012Analyzed
4v4 RM · 7d ago on Sep 26, 2026· 46m 40s· 8 players
Game mode
Random Map
Map size
Large (8 player)
Population
200
Speed
Normal
Resources
Standard
Victory
Conquest
Starting age
Dark Age
Ending age
Imperial Age
RankedLock teamsTeams togetherTeam positionsShared explorationLock speedFull tech treeHidden civsTurbo modeCheats
Victory
Defeat
🇨🇳 Jurchens · China
1383
+15
🇨🇳 Romans · China
1383
+15
🇦🇷 Saxons · Argentina
1382
+15
🇦🇷 Hindustanis · Argentina
1368
+16
🇨🇳 Spanish · China
1460
-18
🇮🇳 Turks · India
1374
-16
🇨🇳 Bohemians · China
1336
-14
🇫🇷 Persians · France
1306
-13
PAYLOTO
3:23 Loom
11:22 Feudal Age
12:55 Double-Bit Axe
15:25 Castle Age
16:31 Bow Saw
19:56 Wheelbarrow
19:07 Town Watch
19:39 Fishing Lines
21:06 Ballistics
26:36 Horse Collar
29:25 Stone Mining
29:25 Gold Mining
29:37 Gillnets
33:44 Imperial Age
31:45 Ballistas
31:54 Masonry
34:40 Heavy Scorpion
34:51 Capped Ram
34:57 Capped Ram
37:00 Chemistry
37:33 Siege Ram
38:23 Siege Engineers
38:49 Architecture
47:09 Scale Mail Armor
47:19 Forging
47:10 Fletching
聂灭知北
5:29 Loom
11:38 Feudal Age
13:24 Double-Bit Axe
13:22 Horse Collar
16:19 Castle Age
19:27 Wheelbarrow
25:14 Bow Saw
25:38 Heavy Plow
26:45 Hand Cart
26:51 Town Watch
28:28 Stone Mining
28:29 Gold Mining
31:49 Imperial Age
30:11 Bloodlines
30:01 Husbandry
30:50 Scale Barding Armor
30:56 Forging
32:01 Chain Barding Armor
31:45 Scale Mail Armor
31:35 Fletching
31:46 Padded Archer Armor
31:55 Elite Steppe Lancer
33:00 Conscription
34:08 Plate Barding Armor
34:09 Iron Casting
34:52 Chain Mail Armor
35:45 Chemistry
34:27 Treadmill Crane
39:18 Blast Furnace
38:14 Bodkin Arrow
38:34 Leather Archer Armor
42:07 Devotion
42:28 Capped Ram
42:41 Elite Iron Pagoda
44:27 Caravan
44:31 Light Cavalry
45:41 Fortified Wall
45:36 Hussar
47:24 Masonry
47:10 Murder Holes
|MP| layc0ni
2:18 Loom
12:54 Feudal Age
14:02 Double-Bit Axe
16:39 Town Watch
20:22 Castle Age
23:19 Fishing Lines
25:42 Gillnets
27:01 Wheelbarrow
28:11 Hand Cart
31:42 Imperial Age
30:18 Bow Saw
30:05 Gold Mining
31:05 Thumb Ring
31:15 Fletching
31:25 Padded Archer Armor
31:48 Ballistics
31:39 Masonry
31:57 Bodkin Arrow
32:30 Padded Archer Armor
33:32 Chemistry
32:09 Heavy Mounted Crossbowman
32:10 Cranequins
33:02 Husbandry
33:13 Bloodlines
33:16 Bracer
33:14 Cranequins
34:44 Leather Archer Armor
36:03 Stone Mining
36:59 Ring Archer Armor
36:30 Caravan
36:57 Scale Mail Armor
37:07 Forging
36:54 Guard Tower
38:28 Two-Man Saw
39:53 Keep
39:24 Siege Engineers
39:04 Arrowslits
39:29 Squires
39:31 Capped Ram
40:32 Conscription
40:51 Chain Mail Armor
41:12 Iron Casting
40:43 Siege Ram
NahuXeneize
7:28 Loom
10:10 Loom
11:56 Feudal Age
12:46 Double-Bit Axe
12:46 Fishing Lines
17:38 Horse Collar
20:09 Castle Age
21:12 Gillnets
21:36 Bow Saw
23:11 Wheelbarrow
25:16 Hand Cart
29:31 Imperial Age
28:24 Heavy Plow
28:33 Scale Barding Armor
28:38 Forging
29:06 Gold Mining
29:11 Stone Mining
30:33 Chain Barding Armor
30:48 Iron Casting
31:21 Chemistry
31:16 Bloodlines
31:07 Husbandry
30:32 Heavy Camel Rider
32:01 Conscription
33:08 Two-Man Saw
33:05 Siege Engineers
33:15 Masonry
33:57 Plate Barding Armor
34:23 Blast Furnace
33:21 Imperial Camel Rider
46:23 Caravan
Baladin
0:48 Loom
14:43 Feudal Age
19:58 Castle Age
17:47 Double-Bit Axe
17:49 Horse Collar
28:42 Wheelbarrow
35:15 Imperial Age
33:25 Husbandry
33:35 Bloodlines
33:59 Bow Saw
34:18 Forging
35:47 Heavy Plow
35:53 Cavalier
36:55 Caravan
39:07 Pikeman
40:17 Hand Cart
rateezy
11:33 Feudal Age
15:34 Castle Age
13:52 Double-Bit Axe
14:10 Horse Collar
16:27 Wheelbarrow
17:37 Bow Saw
22:03 Hand Cart
21:37 Town Watch
22:15 Loom
22:33 Heavy Plow
22:27 Gold Mining
24:32 Gold Shaft Mining
23:48 Stone Mining
28:45 Imperial Age
27:42 Scale Barding Armor
27:47 Forging
28:47 Chain Barding Armor
28:38 Treadmill Crane
29:59 Iron Casting
29:49 Bloodlines
29:39 Husbandry
30:33 Guilds
30:53 Conscription
30:35 Artillery
31:32 Plate Barding Armor
32:55 Blast Furnace
31:48 Fletching
36:29 Bodkin Arrow
37:04 Bombard Tower
39:00 Ballistics
38:51 Fortified Wall
38:37 Murder Holes
38:53 Masonry
39:23 Bracer
43:16 Guilds
Ren
1:02 Loom
11:46 Feudal Age
15:12 Castle Age
13:50 Double-Bit Axe
13:55 Horse Collar
15:47 Gold Mining
16:27 Bow Saw
16:24 Fletching
23:01 Wheelbarrow
23:47 Bodkin Arrow
26:01 Padded Archer Armor
26:27 Heavy Plow
28:58 Hand Cart
29:27 Fishing Lines
34:17 Imperial Age
32:12 Sanctity
32:10 Town Watch
32:36 Padded Archer Armor
32:49 Fervor
33:37 Leather Archer Armor
33:36 Bloodlines
33:26 Husbandry
33:20 Town Watch
33:50 Herbal Medicine
34:05 Redemption
34:40 Ballistics
34:16 Murder Holes
34:32 Fortified Wall
34:51 Scale Barding Armor
34:56 Forging
36:04 Chemistry
35:41 Ring Archer Armor
35:20 Onager
36:12 Caravan
36:44 Conscription
37:29 Scale Mail Armor
38:04 Iron Casting
38:50 Chain Barding Armor
39:10 Gillnets
40:31 Blast Furnace
38:52 Light Cavalry
40:35 Two-Man Saw
39:33 Hussar
40:43 Bracer
40:41 Murder Holes
41:33 Block Printing
41:44 Illumination
41:24 Inquisition
42:14 Plate Barding Armor
41:54 Guilds
42:28 Supremacy
43:49 Elite Conquistador
ixsea
10:15 Feudal Age
11:58 Double-Bit Axe
14:23 Castle Age
12:14 Horse Collar
16:02 Bow Saw
23:06 Wheelbarrow
22:17 Loom
24:13 Heavy Plow
24:37 Hand Cart
28:30 Imperial Age
27:28 Chemistry
27:58 Scale Mail Armor
27:22 Pikeman
28:02 Squires
29:09 Chain Mail Armor
30:11 Two-Man Saw
28:35 Houfnice
29:37 Conscription
28:40 Halberdier
30:48 Wagenburg Tactics
31:25 Plate Mail Armor
31:06 Forging
31:35 Siege Engineers
34:09 Iron Casting
34:07 Caravan
36:11 Blast Furnace
38:37 Arson
41:00 Ballistics
41:13 Coinage
46:40 Fortified Wall
46:49 Murder Holes
Connection lost

Rejoining the realm…

Still unreachable

The connection could not be restored.

Session expired

The server has moved on; the page needs a fresh start.